AoeStats
← BLEEKBRAX

MegaRandom

506981220Analyzed
2v2 RM · 17d ago on Sep 16, 2026· 48m 4s· 4 players
Game mode
Random Map
Map size
Medium (4 player)
Population
200
Speed
Normal
Resources
Standard
Victory
Conquest
Starting age
Dark Age
Ending age
Imperial Age
RankedLock teamsTeams togetherTeam positionsShared explorationLock speedFull tech treeHidden civsTurbo modeCheats
Victory
Defeat
🇺🇸 Huns · United States
1178
+13
🇺🇸 Malians · United States
1109
+15
🇺🇸 Muisca · United States
1127
-15
🇺🇸 Inca · United States
1079
-13
db4cornett
5:34 Loom
11:18 Feudal Age
18:27 Castle Age
16:38 Town Watch
19:04 Pikeman
19:44 Squires
26:20 Double-Bit Axe
30:54 Wheelbarrow
30:07 Horse Collar
30:20 Gold Mining
32:15 Hand Cart
40:49 Imperial Age
43:03 Forging
42:54 Scale Mail Armor
42:48 Fletching
42:21 Halberdier
45:10 Conscription
45:08 Onager
45:29 Elite Skirmisher
46:13 Padded Archer Armor
Brazy_Boy4
0:46 Loom
12:27 Feudal Age
13:26 Double-Bit Axe
18:48 Castle Age
17:25 Horse Collar
18:48 Fletching
19:08 Crossbowman
21:27 Wheelbarrow
22:19 Bodkin Arrow
23:37 Ballistics
26:24 Forging
27:57 Padded Archer Armor
30:18 Pikeman
31:11 Gold Mining
35:48 Thumb Ring
38:44 Heavy Plow
39:31 Leather Archer Armor
39:41 Herbalism
44:39 Imperial Age
43:34 Scale Mail Armor
44:10 Iron Casting
43:50 Squires
44:03 Bow Saw
44:29 Gold Shaft Mining
44:13 Hand Cart
BLEEKBRAX
6:17 Loom
10:08 Feudal Age
11:59 Double-Bit Axe
19:10 Castle Age
17:15 Horse Collar
18:48 Fletching
18:59 Padded Archer Armor
19:48 Crossbowman
22:01 Gold Mining
22:55 Town Watch
24:20 Elite Skirmisher
31:15 Wheelbarrow
36:28 Imperial Age
34:37 Thumb Ring
34:50 Leather Archer Armor
36:05 Scale Mail Armor
36:18 Forging
40:10 Iron Casting
39:50 Chain Mail Armor
39:32 Bodkin Arrow
40:29 Ballistics
41:45 Tigui
42:29 Squires
42:14 Arson
43:11 Conscription
43:27 Stone Mining
47:05 Bow Saw
Tavok42
8:50 Loom
10:42 Feudal Age
16:19 Castle Age
15:24 Double-Bit Axe
16:04 Horse Collar
16:39 Bloodlines
16:46 Scale Barding Armor
17:51 Gold Mining
20:55 Forging
24:17 Bow Saw
26:24 Wheelbarrow
26:38 Town Watch
27:25 Fletching
28:37 Bodkin Arrow
29:47 Husbandry
31:47 Hand Cart
32:35 Heavy Plow
33:46 Chain Barding Armor
39:11 Imperial Age
37:34 Stone Mining
38:19 Thumb Ring
38:16 Padded Archer Armor
39:29 Gold Shaft Mining
39:56 Bracer
40:26 Conscription
39:49 Cavalier
42:43 Ballistics
43:23 Chemistry
42:34 Masonry
44:03 Plate Barding Armor
44:04 Iron Casting
43:27 Paladin
44:39 Leather Archer Armor
45:44 Parthian Tactics
47:00 Blast Furnace
46:43 Marauders
46:56 Heavy Cavalry Archer
Connection lost

Rejoining the realm…

Still unreachable

The connection could not be restored.

Session expired

The server has moved on; the page needs a fresh start.